Map: Oceanborn LE

Players

A.I. 1 (Elite)

  • Race: Zerg Zerg
  • Spawn Location: 5:00

Hupsaiya - Winner!

  • Race: Protoss Protoss
  • League: Grandmaster
  • Spawn Location: 11:00

VOD

Have the link to the VOD?

Description

This is a flowchart of actions for how to autopilot the 4 Gate DT drop in PvZ

Time

  • Played on: Dec. 10, 2023, 5:47 p.m.
  • Length: 8:58
Show
View Real Time Build Order
Export as new Build Order

A.I. 1 (Elite) Zerg 

Build Orders: Hatch First 

Get SALT Encoding   

  12  0:00  Drone  
  13  0:12  Overlord  
  13  0:16  Drone  
  14  0:30  Drone x2  
  14  0:34  Drone  
  17  0:54  Hatchery  
  17  0:55  Drone  
  17  1:12  Spawning Pool  
  17  1:14  Extractor  
  17  1:16  Drone  
  16  1:19  Drone  
  16  1:24  Drone  
  18  1:28  Drone  
  19  1:38  Overlord  
  19  1:49  Drone  
  20  2:00  Zergling x2  
  21  2:02  Queen  
  21  2:05  Drone  
  24  2:13  Queen  
  26  2:18  Drone  
  27  2:31  Roach Warren  
  27  2:32  Extractor  
  27  2:33  Drone  
  27  2:37  Drone  
  27  2:43  Overlord  
  27  2:47  Drone  
  27  2:50  Drone  
  28  2:53  Drone  
  28  2:56  Drone  
  30  3:00  Drone  
  30  3:04  Zergling x2  
  31  3:08  Drone  
  32  3:15  Zergling x2  
  32  3:19  Zergling x2, Roach  
  36  3:21  Roach  
  36  3:24  Roach  
  40  3:28  Roach  
  40  3:31  Drone  
  43  3:38  Overlord  
  43  3:46  Lair  
  43  3:56  Drone x4  
  43  3:58  Drone  
  43  4:00  Drone  
  43  4:02  Drone  
  50  4:05  Drone  
  51  4:11  Overlord  
  51  4:30  Zergling x4, Drone x6  
  59  4:34  Overlord  
  59  4:37  Overlord  
  59  4:46  Drone, Hydralisk Den  
  59  4:47  Infestation Pit  
  59  4:48  Spore Crawler  
  59  4:50  Drone, Spore Crawler  
  59  4:52  Drone  
  58  4:53  Drone  
  58  4:55  Zergling x2, Overseer  
  58  4:59  Overlord  
  60  5:04  Drone, Hydralisk Den  
  60  5:06  Roach  
  62  5:09  Roach  
  62  5:11  Roach  
  62  5:13  Roach  
  68  5:17  Overlord  
  68  5:26  Hive  
  68  5:34  Hydralisk  
  68  5:35  Hydralisk x2  
  72  5:36  Hydralisk, Drone  
  72  5:38  Drone  
  72  5:41  Overlord  
  78  5:45  Queen  
  78  5:53  Zergling x4  
  78  5:54  Zergling x2, Infestor  
  80  6:04  Overlord  
  80  6:07  Overlord  
  80  6:12  Drone, Evolution Chamber  
  80  6:14  Drone, Evolution Chamber  
  80  6:17  Overlord  
  80  6:20  Overlord  
  80  6:22  Infestor  
  82  6:26  Zergling x2  
  82  6:27  Drone x2  
  82  6:28  Extractor  
  82  6:29  Drone  
  82  6:30  Extractor  
  82  6:31  Drone  
  83  6:33  Hydralisk  
  85  6:41  Hydralisk  
  87  6:47  Hatchery  
  87  6:50  Drone  
  87  6:51  Drone x2  
  87  6:53  Drone x2  
  91  6:55  Drone  
  91  6:57  Metabolic Boost  
  92  7:05  Hydralisk  
  92  7:06  Hydralisk  
  92  7:07  Evolution Chamber  
  94  7:11  Drone  
  94  7:15  Overseer  
  95  7:16  Hydralisk  
  95  7:22  Hydralisk  
  97  7:25  Hydralisk  
  97  7:29  Hydralisk  
  101  7:33  Roach  
  101  7:34  Roach  
  101  7:36  Spine Crawler  
  104  7:38  Hydralisk  
  104  7:41  Zergling x2  
  79  7:47  Zergling x2  
  79  7:49  Roach  
  67  7:51  Queen  
  67  7:54  Drone  
  68  7:59  Zergling x2  
  68  8:02  Overseer  
  59  8:10  Zergling x2  
  32  8:21  Zergling x2  
  32  8:22  Overseer  
  25  8:32  Zergling x2  
Show
View Real Time Build Order
Export as new Build Order

Hupsaiya Protoss - Winner!

Build Orders: 1 Gate Expand, Zealot Archon, Archon Drop, Dark Templar Rush 

Get SALT Encoding   

  12  0:00  Probe  
  13  0:12  Probe  
  14  0:18  Pylon  
  14  0:25  Probe (Chrono Boost)  
  15  0:37  Gateway, Probe (Chrono Boost)  
  16  0:45  Probe (Chrono Boost)  
  16  0:47  Assimilator  
  17  0:51  Probe  
  18  1:03  Probe  
  19  1:15  Probe  
  20  1:26  Nexus  
  20  1:34  Cybernetics Core  
  20  1:37  Probe  
  21  1:42  Assimilator  
  21  1:49  Probe  
  21  1:51  Pylon  
  22  2:02  Probe (Chrono Boost)  
  22  2:08  Adept (Chrono Boost)  
  23  2:11  Warp Gate  
  23  2:14  Probe (Chrono Boost)  
  26  2:18  Twilight Council  
  27  2:23  Probe (Chrono Boost)  
  27  2:30  Stalker  
  30  2:38  Probe x2 (Chrono Boost)  
  31  2:48  Robotics Facility  
  31  2:49  Probe (Chrono Boost)  
  31  2:50  Probe (Chrono Boost)  
  33  2:59  Probe  
  33  3:00  Probe  
  35  3:11  Gateway, Probe  
  35  3:12  Probe  
  37  3:15  Dark Shrine  
  37  3:23  Probe  
  38  3:28  Gateway  
  38  3:30  Gateway  
  38  3:36  Warp Prism (Chrono Boost)  
  38  3:41  Probe x2  
  42  3:47  Assimilator  
  42  3:49  Assimilator  
  42  3:51  Pylon  
  42  3:53  Probe  
  43  3:58  Probe  
  43  4:00  Pylon  
  44  4:07  Probe  
  45  4:10  Probe  
  46  4:22  Probe  
  46  4:23  Probe  
  48  4:30  Dark Templar x3  
  48  4:31  Dark Templar  
  56  4:34  Pylon, Probe  
  56  4:36  Probe  
  56  4:44  Dark Templar  
  58  4:46  Probe  
  58  4:48  Probe  
  60  4:58  Probe (Chrono Boost)  
  60  4:59  Nexus  
  61  5:00  Pylon  
  61  5:01  Probe (Chrono Boost)  
  62  5:08  Archon, Immortal (Chrono Boost)  
  62  5:09  Archon  
  62  5:10  Probe (Chrono Boost)  
  62  5:12  Probe (Chrono Boost)  
  68  5:16  Probe (Chrono Boost)  
  68  5:17  Probe (Chrono Boost)  
  68  5:19  Charge  
  70  5:24  Probe  
  70  5:27  Zealot x3  
  77  5:31  Probe  
  77  5:34  Pylon  
  78  5:38  Pylon  
  78  5:50  Immortal (Chrono Boost)  
  78  5:52  Probe  
  78  5:56  Zealot x2  
  78  5:57  Zealot x2  
  89  5:58  Probe  
  92  6:20  Gateway  
  92  6:21  Gateway  
  92  6:22  Immortal (Chrono Boost)  
  92  6:24  Gateway  
  96  6:26  Gateway  
  96  6:36  Dark Templar x4  
  104  6:40  Pylon  
  104  6:41  Probe x3  
  104  6:43  Archon x2  
  107  6:53  Observer (Chrono Boost), Probe, Pylon  
  109  7:12  Dark Templar x4  
  117  7:17  Pylon x2, Probe x2  
  117  7:18  Pylon  
  117  7:20  Archon  
  117  7:21  Archon  
  117  7:22  Zealot x3  
  125  7:31  Nexus  
  125  7:32  Pylon  
  123  7:43  Zealot x4  
  119  7:45  Zealot x4  
  119  7:48  Probe  
  119  7:49  Probe  
  127  7:52  Pylon  
  127  7:54  Probe  
  128  8:00  Assimilator, Forge, Robotics Bay, Probe  
  128  8:01  Assimilator  
  128  8:05  Probe  
  130  8:10  Dark Templar x4  
  138  8:15  Archon x2  
  138  8:18  Zealot x3  
  138  8:19  Zealot  
  146  8:22  Probe x2  
  146  8:23  Probe  
  149  8:27  Shield Battery  
  149  8:36  Photon Cannon  
  149  8:37  Probe  
  150  8:43  Probe  
  150  8:44  Probe  
  152  8:48  Dark Templar x5  
  152  8:53  Archon x2  
  162  8:55  Zealot x2  
  162  8:56  Zealot  
Tags
 
Add a new tag
Caveats
  • Supply blocks, unpowered buildings, or Contaminate may cause inaccurate times.
  • Supply counts are checked every 10 seconds.